Map: LotV Custom - God's Garden AE

Players

TheDarkLord

  • Race: Protoss Protoss
  • League: Silver
  • Spawn Location: 11:00

SurpriseMe

  • Race: Zerg Zerg
  • Spawn Location: 1:00

guil - Winner!

  • Race: Protoss Protoss
  • Spawn Location: 5:00

Hindulaatti - Winner!

  • Race: Zerg Zerg
  • League: Platinum
  • Spawn Location: 7:00

VOD

Have the link to the VOD?

Description

Time

  • Played on: Dec. 17, 2014, 3:55 p.m.
  • Length: 15:17
Show
View Real Time Build Order
Export as new Build Order

TheDarkLord Protoss 

Build Orders:  

Get SALT Encoding   

  12  0:02  Probe  
  13  0:14  Probe  
  14  0:25  Pylon  
  14  0:43  Probe  
  14  0:46  Gateway  
  15  0:51  Forge  
  15  0:56  Probe (Chrono Boost)  
  16  1:05  Assimilator  
  16  1:09  Probe (Chrono Boost)  
  17  1:14  Pylon  
  17  1:18  Probe (Chrono Boost)  
  19  1:26  Probe (Chrono Boost)  
  19  1:33  Photon Cannon  
  19  1:39  Probe (Chrono Boost)  
  20  1:49  Probe (Chrono Boost)  
  21  1:56  Probe  
  22  2:06  Nexus  
  22  2:13  Probe (Chrono Boost)  
  23  2:15  Assimilator  
  24  2:23  Probe (Chrono Boost)  
  24  2:30  Probe  
  24  2:31  Cybernetics Core  
  24  2:33  Zealot  
  27  2:43  Pylon  
  27  2:50  Probe (Chrono Boost)  
  28  2:54  Protoss Ground Weapons Level 1  
  28  3:00  Probe (Chrono Boost)  
  28  3:05  Pylon  
  29  3:07  Probe  
  29  3:10  Warp Gate  
  30  3:13  Stalker  
  33  3:21  Probe (Chrono Boost)  
  33  3:23  Probe (Chrono Boost)  
  34  3:33  Probe (Chrono Boost)  
  37  3:36  Mothership Core (Chrono Boost)  
  37  3:39  Probe (Chrono Boost)  
  38  3:43  Stalker  
  40  3:51  Probe (Chrono Boost)  
  40  3:53  Probe (Chrono Boost)  
  42  4:00  Probe (Chrono Boost)  
  43  4:05  Probe (Chrono Boost)  
  43  4:07  Probe  
  45  4:11  Assimilator  
  45  4:17  Probe  
  45  4:19  Probe  
  47  4:29  Probe, Nexus  
  48  4:32  Probe  
  49  4:39  Gateway  
  49  4:42  Gateway  
  49  4:44  Gateway  
  49  4:47  Probe (Chrono Boost)  
  49  4:48  Protoss Ground Armor Level 1  
  50  4:57  Probe (Chrono Boost)  
  51  5:04  Probe  
  52  5:16  Probe (Chrono Boost)  
  53  5:28  Probe (Chrono Boost)  
  54  5:35  Probe (Chrono Boost)  
  55  5:38  Pylon  
  55  5:41  Pylon  
  55  5:45  Probe  
  56  5:55  Twilight Council  
  56  5:57  Nexus  
  56  6:02  Forge  
  56  6:04  Gateway  
  56  6:06  Gateway  
  56  6:07  Gateway  
  56  6:09  Gateway  
  56  6:14  Probe (Chrono Boost)  
  57  6:19  Protoss Air Weapons Level 1  
  57  6:24  Probe (Chrono Boost)  
  57  6:25  Cybernetics Core  
  58  6:28  Stargate  
  58  6:30  Stargate  
  58  6:31  Probe  
  59  6:40  Pylon  
  59  6:43  Protoss Ground Weapons Level 2 (Chrono Boost), Probe  
  59  6:44  Protoss Shields Level 1 (Chrono Boost), Pylon  
  60  6:50  Blink  
  60  6:53  Probe  
  61  6:55  Probe  
  61  6:57  Assimilator  
  61  7:00  Stalker  
  64  7:02  Assimilator, Stalker  
  64  7:03  Stalker x2  
  64  7:05  Probe  
  71  7:17  Probe  
  71  7:20  Stalker x3  
  70  7:27  Stalker  
  70  7:28  Stalker x3  
  70  7:29  Probe, Stalker  
  65  7:41  Probe  
  65  7:43  Stalker x3  
  72  7:49  Void Ray x2  
  80  7:52  Zealot x3  
  80  7:54  Probe (Chrono Boost)  
  87  8:19  Nexus  
  87  8:30  Stalker x4  
  87  8:31  Pylon  
  87  8:33  Sentry  
  97  8:35  Pylon  
  97  8:41  Pylon  
  97  8:43  Pylon  
  68  8:59  Stalker x4  
  68  9:00  Stalker  
  70  9:04  Sentry x2  
  58  9:17  Stalker  
  43  9:38  Stalker x5  
  43  9:41  Stalker  
  51  10:15  Nexus  
  51  10:17  Probe (Chrono Boost)  
  53  10:28  Probe (Chrono Boost)  
  53  10:35  Probe (Chrono Boost)  
  54  10:53  Probe (Chrono Boost)  
  55  10:59  Mothership Core (Chrono Boost)  
  58  11:04  Probe (Chrono Boost)  
  59  11:11  Probe (Chrono Boost)  
  59  11:19  Protoss Ground Weapons Level 3  
  59  11:21  Protoss Air Armor Level 1  
  59  11:22  Protoss Ground Armor Level 2, Probe  
  60  11:34  Probe  
  61  11:43  Probe  
  61  11:45  Stalker x2  
  66  11:55  Probe  
  67  12:08  Probe  
  68  12:12  Stalker x3  
  68  12:13  Stalker  
  68  12:14  Stalker  
  78  12:20  Probe  
  78  12:21  Stalker  
  81  12:35  Stalker  
  81  12:36  Stalker  
  85  12:38  Stalker  
  87  12:46  Stalker  
  89  13:08  Stalker  
  89  13:09  Stalker x2  
  53  14:18  Void Ray x2 (Chrono Boost)  
  53  14:19  Stargate  
  53  14:21  Stargate  
  61  14:32  Stalker  
  61  14:33  Stalker  
Show
View Real Time Build Order
Export as new Build Order

SurpriseMe Zerg 

Build Orders: Hatch First 

Get SALT Encoding   

  12  0:01  Drone  
  13  0:12  Drone  
  14  0:22  Overlord  
  14  0:41  Drone x3  
  17  0:45  Extractor  
  16  0:59  Hatchery  
  15  1:04  Drone  
  15  1:05  Drone  
  17  1:13  Drone  
  18  1:25  Spawning Pool  
  17  1:32  Drone  
  18  1:44  Drone  
  19  1:58  Hatchery  
  18  2:14  Metabolic Boost  
  18  2:15  Queen  
  20  2:22  Drone x3  
  23  2:27  Drone  
  24  2:39  Queen  
  24  2:42  Drone  
  27  2:50  Overlord  
  27  2:57  Overlord  
  27  3:02  Zergling x2  
  27  3:03  Overlord  
  28  3:10  Queen  
  30  3:23  Zergling x2  
  30  3:24  Zergling x8  
  35  3:50  Zergling x10  
  35  3:51  Zergling x10  
  45  4:09  Zergling x4  
  48  4:10  Zergling x4  
  46  4:22  Zergling x4  
  46  4:23  Zergling x6  
  49  4:31  Drone x5  
  51  4:32  Drone  
  53  4:55  Zergling x10  
  53  4:59  Overlord x3  
  53  5:21  Drone  
  53  5:22  Drone x8  
  53  5:23  Drone x2  
  64  5:28  Lair  
  64  5:37  Drone x4  
  65  5:52  Drone  
  65  5:53  Drone x8  
  65  5:54  Drone  
  63  6:11  Extractor  
  63  6:16  Extractor  
  59  6:22  Extractor  
  59  6:23  Extractor  
  59  6:25  Drone x8  
  62  6:26  Drone x4  
  68  6:33  Spore Crawler  
  68  6:38  Spore Crawler x2  
  65  6:41  Spore Crawler, Overlord  
  65  6:43  Spore Crawler  
  63  6:50  Spire  
  62  7:13  Infestation Pit, Overseer  
  61  7:30  Overlord x4  
  61  7:31  Overlord x2  
  61  7:33  Zergling x2  
  61  7:34  Zergling x26  
  75  7:44  Burrow  
  75  8:14  Zerg Flyer Weapons Level 1  
  75  8:32  Hydralisk Den  
  74  8:43  Evolution Chamber  
  74  8:44  Mutalisk x4  
  74  8:45  Mutalisk x8  
  74  8:46  Mutalisk x3  
  93  8:57  Mutalisk x2  
  93  9:13  Mutalisk x2  
  95  9:55  Mutalisk x4  
  95  9:56  Mutalisk x2  
  107  10:16  Mutalisk x3  
  107  10:17  Mutalisk  
  115  10:26  Zergling x2  
  115  10:27  Zergling x28  
  96  11:25  Mutalisk x3  
  85  11:26  Mutalisk x6  
  103  11:43  Hatchery  
  102  11:53  Zergling x2  
  103  11:54  Zergling x10  
  106  12:18  Mutalisk  
  106  12:19  Mutalisk x11  
  125  12:28  Lurker Den  
  122  12:35  Mutalisk  
  122  12:36  Mutalisk x3  
  130  12:38  Overlord x2  
  130  12:39  Overlord x4  
  130  12:51  Overlord x5  
  130  12:52  Overlord x2  
  127  13:25  Corruptor x3  
  127  13:26  Corruptor x2  
  129  13:37  Corruptor x3  
  131  13:59  Extractor  
  131  14:01  Extractor  
  119  14:28  Corruptor x4  
  76  14:58  Zergling x4  
  76  14:59  Zergling x16  
  77  15:00  Zergling x2  
Show
View Real Time Build Order
Export as new Build Order

guil Protoss - Winner!

Build Orders:  

Get SALT Encoding   

  12  0:11  Pylon  
  12  0:14  Probe  
  13  0:28  Probe (Chrono Boost)  
  14  0:40  Probe (Chrono Boost)  
  15  0:47  Probe (Chrono Boost)  
  16  0:53  Pylon  
  16  0:55  Gateway  
  16  0:58  Probe (Chrono Boost)  
  16  1:02  Pylon  
  17  1:10  Probe (Chrono Boost)  
  19  1:19  Probe (Chrono Boost)  
  19  1:24  Forge  
  19  1:27  Probe (Chrono Boost)  
  20  1:39  Probe (Chrono Boost)  
  22  1:48  Probe (Chrono Boost)  
  22  1:49  Zealot  
  24  1:56  Probe  
  24  2:00  Photon Cannon  
  25  2:05  Photon Cannon  
  25  2:08  Probe  
  25  2:12  Photon Cannon  
  26  2:20  Photon Cannon  
  26  2:35  Pylon  
  26  2:42  Nexus  
  26  2:45  Probe (Chrono Boost)  
  27  2:55  Probe (Chrono Boost)  
  27  2:56  Photon Cannon  
  28  3:02  Probe (Chrono Boost)  
  29  3:11  Probe (Chrono Boost)  
  30  3:13  Cybernetics Core  
  30  3:19  Probe (Chrono Boost)  
  31  3:23  Assimilator  
  32  3:28  Assimilator, Probe (Chrono Boost)  
  32  3:36  Probe  
  32  3:38  Assimilator  
  33  3:48  Probe  
  34  4:00  Probe (Chrono Boost)  
  34  4:01  Probe (Chrono Boost)  
  36  4:12  Probe (Chrono Boost)  
  36  4:15  Probe (Chrono Boost)  
  38  4:18  Probe (Chrono Boost)  
  38  4:23  Probe  
  40  4:29  Probe  
  41  4:33  Stargate  
  41  4:35  Probe  
  41  4:36  Pylon  
  42  4:42  Photon Cannon  
  42  4:44  Probe (Chrono Boost), Photon Cannon  
  43  4:47  Probe (Chrono Boost), Photon Cannon  
  44  4:57  Probe x2 (Chrono Boost)  
  46  5:05  Probe x2 (Chrono Boost)  
  48  5:08  Stargate  
  48  5:12  Probe x2 (Chrono Boost)  
  50  5:17  Nexus  
  50  5:22  Probe  
  50  5:23  Void Ray (Chrono Boost), Probe  
  56  5:35  Probe  
  57  5:42  Fleet Beacon  
  57  5:52  Zealot (Chrono Boost)  
  60  6:04  Oracle (Chrono Boost)  
  59  6:31  Pylon  
  59  6:36  Pylon  
  59  6:40  Photon Cannon  
  59  6:42  Photon Cannon  
  59  6:48  Oracle, Photon Cannon  
  59  6:49  Zealot  
  59  6:51  Photon Cannon  
  59  6:53  Photon Cannon  
  64  6:55  Pylon  
  64  6:56  Carrier (Chrono Boost)  
  64  6:58  Pylon  
  64  7:21  Carrier (Chrono Boost)  
  70  7:33  Photon Cannon  
  76  7:47  Pylon  
  76  7:53  Nexus  
  76  8:01  Pylon  
  76  8:19  Twilight Council  
  76  8:22  Photon Cannon  
  76  8:24  Photon Cannon  
  76  8:26  Photon Cannon  
  76  8:27  Carrier (Chrono Boost)  
  76  8:28  Photon Cannon  
  76  8:30  Photon Cannon  
  76  8:33  Photon Cannon  
  76  8:36  Carrier (Chrono Boost)  
  88  9:16  Stargate  
  88  9:19  Protoss Shields Level 1 (Chrono Boost)  
  88  9:40  Nexus  
  88  9:44  Carrier (Chrono Boost)  
  88  9:45  Pylon  
  88  9:48  Pylon  
  88  9:51  Carrier (Chrono Boost)  
  88  9:57  Pylon  
  88  10:00  Pylon  
  100  10:30  Probe  
  100  10:32  Carrier (Chrono Boost)  
  100  10:33  Probe  
  102  10:38  Probe  
  103  10:43  Probe  
  103  10:45  Probe  
  105  10:50  Probe  
  105  10:55  Probe  
  113  10:57  Probe  
  113  11:02  Probe  
  113  11:03  Probe  
  116  11:05  Carrier (Chrono Boost)  
  116  11:07  Probe  
  116  11:08  Carrier (Chrono Boost)  
  116  11:09  Probe  
  118  11:14  Probe  
  118  11:15  Assimilator, Probe  
  120  11:19  Probe  
  120  11:21  Probe  
  128  11:26  Probe  
  128  11:27  Probe  
  136  11:38  Probe  
  137  11:44  Assimilator  
  137  11:49  Assimilator  
  137  11:51  Probe (Chrono Boost)  
  138  12:01  Photon Cannon  
  138  12:02  Probe (Chrono Boost)  
  138  12:08  Probe (Chrono Boost)  
  126  12:20  Probe  
  127  12:27  Photon Cannon  
  127  12:32  Probe, Photon Cannon  
  128  12:38  Probe  
  129  12:44  Probe  
  129  12:47  Photon Cannon  
  129  12:48  Photon Cannon  
  129  12:50  Probe  
  131  12:53  Photon Cannon  
  131  12:55  Photon Cannon  
  131  12:56  Probe  
  131  12:57  Photon Cannon  
  132  13:01  Photon Cannon  
  132  13:02  Probe  
  132  13:04  Photon Cannon  
  118  13:08  Probe  
  115  13:14  Pylon  
  104  13:20  Probe  
  104  13:43  Photon Cannon  
  104  13:48  Photon Cannon  
  104  13:50  Photon Cannon  
  104  13:55  Photon Cannon  
  104  14:07  Nexus  
  96  14:35  Nexus  
Show
View Real Time Build Order
Export as new Build Order

Hindulaatti Zerg - Winner!

Build Orders: Hatch First 

Get SALT Encoding   

  12  0:01  Drone  
  13  0:10  Drone  
  14  0:17  Overlord  
  14  0:30  Overlord  
  14  0:35  Drone x2  
  16  0:45  Drone  
  17  0:55  Drone  
  18  1:03  Hatchery  
  17  1:06  Drone  
  18  1:17  Drone  
  19  1:23  Spawning Pool  
  18  1:27  Drone  
  19  1:35  Extractor  
  19  1:38  Drone  
  19  1:49  Drone  
  19  1:53  Hatchery  
  19  1:59  Drone  
  20  2:10  Queen  
  20  2:15  Queen  
  22  2:19  Drone  
  22  2:22  Drone  
  26  2:25  Drone  
  26  2:28  Drone  
  28  2:31  Drone  
  28  2:36  Drone  
  30  2:40  Metabolic Boost  
  30  2:43  Drone  
  31  2:55  Drone  
  31  2:56  Drone  
  31  2:58  Zergling x2  
  34  3:03  Overlord  
  34  3:08  Queen  
  34  3:09  Drone x2  
  38  3:15  Zergling x2  
  39  3:27  Lair, Extractor x2  
  39  3:31  Drone x2  
  39  3:32  Drone, Roach Warren  
  39  3:37  Drone x2  
  39  3:38  Drone  
  42  3:44  Zergling x2  
  42  3:45  Zergling x4  
  45  3:57  Drone x4  
  49  4:03  Drone  
  49  4:04  Overlord  
  49  4:05  Overlord  
  49  4:08  Zergling x4  
  50  4:16  Zergling x4  
  50  4:17  Zergling x2  
  49  4:28  Glial Reconstitution  
  49  4:32  Zergling x2  
  49  4:33  Zergling x12  
  49  4:37  Roach  
  53  4:45  Roach x3  
  59  4:53  Overlord x2  
  54  5:19  Hatchery  
  54  5:20  Roach  
  54  5:21  Roach x4  
  62  5:48  Roach x3  
  62  5:49  Roach x3  
  74  5:58  Overlord  
  74  5:59  Overlord x2  
  74  6:07  Drone  
  75  6:19  Overseer  
  81  6:31  Roach x5  
  81  6:32  Roach x5  
  101  6:36  Drone x2  
  101  6:37  Drone x3  
  106  6:41  Overlord  
  106  6:57  Overlord x4  
  106  7:02  Drone x2  
  106  7:03  Drone  
  109  7:11  Roach x2  
  107  7:43  Drone  
  107  7:44  Drone x8  
  116  7:45  Extractor  
  116  7:47  Extractor  
  125  8:02  Roach x2  
  133  8:12  Burrow  
  134  8:23  Roach x3  
  134  8:24  Roach  
  134  8:26  Overlord x4  
  142  8:30  Queen  
  136  9:04  Roach  
  136  9:05  Roach x13  
  159  9:27  Roach x6  
  132  10:00  Spore Crawler x2  
  132  10:02  Spore Crawler x2  
  132  10:03  Spore Crawler  
  132  10:04  Spore Crawler x2  
  132  10:06  Spore Crawler  
  100  10:33  Spore Crawler  
  66  11:19  Drone  
  66  11:20  Drone x10  
  70  11:30  Hydralisk Den  
  69  11:36  Queen  
  69  11:37  Queen x2  
  75  11:41  Zergling x20  
  75  11:42  Zergling x4  
  75  11:45  Roach Warren  
  86  11:49  Spore Crawler  
  85  12:05  Hydralisk x8, Muscular Augments  
  101  12:36  Hydralisk  
  101  12:37  Hydralisk x2  
  107  12:55  Hydralisk x3  
  113  13:06  Hatchery  
  113  13:08  Lurker Den  
  113  13:12  Hydralisk x3  
  112  13:13  Hydralisk  
  115  13:38  Hydralisk  
  115  13:39  Hydralisk x2  
  109  13:50  Overseer  
  109  13:52  Pneumatized Carapace  
  109  14:02  Roach x2  
  113  14:13  Drone x3  
  116  14:20  Drone  
  117  14:25  Extractor  
  117  14:28  Extractor  
  115  14:36  Hydralisk  
  115  14:37  Hydralisk x2  
  121  14:41  Overseer  
Tags
 
Add a new tag
Caveats
  • Supply blocks, unpowered buildings, or Contaminate may cause inaccurate times.
  • Supply counts are checked every 10 seconds.